AoeStats
← s.moro66

MegaRandom

505247647Analyzed
1v1 RM · 25d ago on Sep 8, 2026· 42m 52s· 2 players
Game mode
Random Map
Map size
Tiny (2 player)
Population
200
Speed
Normal
Resources
Standard
Victory
Conquest
Starting age
Dark Age
Ending age
Imperial Age
RankedLock teamsTeams togetherTeam positionsShared explorationLock speedFull tech treeHidden civsTurbo modeCheats
Victory
Defeat
🇫🇷 Franks · France
354
+15
🇺🇸 Sicilians · United States
342
-15
Charlemagne
6:11 Loom
13:29 Feudal Age
21:04 Castle Age
24:39 Pikeman
25:39 Gambesons
25:55 Squires
29:08 Wheelbarrow
28:16 Horse Collar
28:26 Double-Bit Axe
28:33 Gold Mining
28:36 Stone Mining
29:48 Ballistics
29:24 Murder Holes
31:46 Husbandry
31:57 Bloodlines
31:09 Crossbowman
31:37 Arson
33:34 Masonry
36:32 Imperial Age
39:07 Cavalier
41:45 Chemistry
41:51 Conscription
42:01 Halberdier
s.moro66
11:37 Feudal Age
13:01 Double-Bit Axe
21:37 Castle Age
28:18 Imperial Age
29:05 Husbandry
31:19 Murder Holes
32:26 Chemistry
35:05 Town Watch
35:58 Wheelbarrow
40:58 Cavalier
Connection lost

Rejoining the realm…

Still unreachable

The connection could not be restored.

Session expired

The server has moved on; the page needs a fresh start.